 Dungeon Crawl Stone Soup version 0.30-a0-986-g7f2e898f52 (webtiles) character file.

Game seed: 15594909612218163892

923 gruber the Cleaver (level 8, 0/64 HPs)
             Began as a Hill Orc Fighter on Apr 1, 2023.
             Was an Initiate of Beogh.
             Slain by a gnoll bouda
             ... wielding a +0 club
              (10 damage)
             ... on level 5 of the Dungeon.
             The game lasted 00:04:47 (4647 turns).

gruber the Cleaver (Hill Orc Fighter)               Turns: 4647, Time: 00:04:47

Health: 0/64       AC: 12    Str: 27    XL:     8   Next: 10%
Magic:  8/8        EV:  9    Int: 18    God:    Beogh [......]
Gold:   366        SH:  5    Dex: 12    Spells: 7/7 levels left

rFire   . . .      SeeInvis .    m - +5 hand axe of Pride {pain, Str+6 Int+4 Dex+2}
rCold   . . .      Faith    .    c - +0 buckler
rNeg    . . .      Spirit   .    b - +0 scale mail
rPois   +          Reflect  .    j - +0 helmet
rElec   .          Rampage  .    D - +1 cloak
rCorr   .                        (no gloves)
Will    .....                    k - +0 pair of boots Stlth
                                 (no amulet)
HPRegen 0.30/turn                y - ring of poison resistance
MPRegen 0.11/turn                B - +6 ring of intelligence

@: weakened
A: no striking features
a: Renounce Religion


You were on level 5 of the Dungeon.
You worshipped Beogh.
Beogh was noncommittal.
You visited 1 branch of the dungeon, and saw 6 of its levels.

You collected 366 gold pieces.

Inventory:

Hand Weapons
 m - the +5 hand axe of Pride (weapon) {pain, Str+6 Int+4 Dex+2}
   (You found it on level 2 of the Dungeon)

   Str:       It affects your strength (+6).
   Int:       It affects your intelligence (+4).
   Dex:       It affects your dexterity (+2).
 A - the +4 hammer "Yczoyhoy" {flame, Drain rElec rF++ Will+}
   (You found it on level 5 of the Dungeon)

   rF:        It greatly protects you from fire.
   rElec:     It insulates you from electricity.
   Drain:     It drains your maximum health when unequipped.
   Will:      It increases your willpower.
Armour
 b - a +0 scale mail (worn)
 c - a +0 buckler (worn)
 j - a +0 helmet (worn)
 k - a +0 pair of boots (worn)
 D - a +1 cloak (worn)
Jewellery
 y - a ring of poison resistance (left hand)
 B - a +6 ring of intelligence (right hand)
Wands
 r - a wand of flame (21)
 v - a wand of mindburst (3)
 x - a wand of roots (9)
Scrolls
 g - 3 scrolls of fog {unknown}
 h - a scroll of brand weapon {unknown}
 l - 3 scrolls of teleportation {unknown}
 n - 7 scrolls of identify {unknown}
 o - a scroll of butterflies {unknown}
 q - a scroll of magic mapping {unknown}
 t - a scroll of poison {unknown}
 w - 2 scrolls of immolation {unknown}
Potions
 a - a potion of magic {unknown}
 d - 2 potions of might
 e - 6 potions of curing
 f - 2 potions of ambrosia {unknown}
 i - 2 potions of cancellation {unknown}
 p - a potion of heal wounds {unknown}
 s - a potion of degeneration {unknown}
 u - 3 potions of lignification {unknown}
 z - 2 potions of attraction {unknown}
 C - a potion of brilliance {unknown}


   Skills:
 - Level 3.6 Fighting
 - Level 8.1 Axes
 * Level 6.7 Armour
 - Level 5.5 Shields


You had 7 spell levels left.
You didn't know any spells.
Your spell library contained the following spells:

 Spells                   Type           Power      Damage    Failure   Level
 Lesser Beckoning         Tloc           0%         N/A       65%         2
 Gell's Gravitas          Tloc           0%         N/A       86%         3
 Ozocubu's Armour         Ice            0%         N/A       86%         3
 Teleport Other           Tloc           0%         N/A       86%         3
 Ozocubu's Refrigeration  Ice            0%         4d7       100%        7


Dungeon Overview and Level Annotations

Branches:
Dungeon (6/15)
 Temple: D:4-7

Altars:
Ashenzari
Elyvilon
Fedhas
Kikubaaqudgha
Vehumet
Xom
Yredelemnul


Message History

You are engulfed in a cloud of scalding steam.
The adder bites you but does no damage.
The orc priest looks encouraged for a moment.
The steam dragon breathes steam at you. The ball of steam hits you!
You hear an angry hiss.
You hear a shout! x2; You hear a bellow!
Unknown command.
You are engulfed in a cloud of scalding steam.
The adder bites you but does no damage. The adder barely misses you.
The steam dragon breathes steam at you. The ball of steam hits you!
* * * LOW HITPOINT WARNING * * *
The adder completely misses you.
You are engulfed in a cloud of scalding steam.
* * * LOW HITPOINT WARNING * * *
A bullfrog comes into view.
You are engulfed in a cloud of scalding steam.
* * * LOW HITPOINT WARNING * * *
The bullfrog croaks.
An ogre comes into view. It is wielding a +0 giant spiked club.
Found 2 poisoned darts.
You are engulfed in a cloud of scalding steam.
The adder is engulfed in a cloud of scalding steam.
The gnoll bouda is engulfed in a cloud of scalding steam.
The gnoll bouda hits you with a +0 club!
* * * LOW HITPOINT WARNING * * *
The orc priest is engulfed in a cloud of scalding steam.
The orc priest dies!
There is a stone staircase leading up, spattered with blood here.
The adder bites you but does no damage. The adder closely misses you.
The gnoll bouda gazes fiercely through you!
You feel your attacks grow feeble. The gnoll bouda barely misses you.
You climb upwards.
There is a stone staircase leading down here.
Unknown command.
It was a potion of curing.
You feel better. The adder closely misses you.
The gnoll bouda hits you with a +0 club!
You die...

...........#...##.....#
####.##
)....>................#
#......
...............##.....#
#.##.#.
.########.###.###.....#
#.##.#. .# #.# ###########
#....#. .# ##.## #.......#
#.####. .###
#...####.#####.# #.####.
...#
#.......g.####.#####......
.#.#
#...####S@#..........#####
...# ##### #.)#.##.#######
#.## ##########.......#
#.####......(###.#.####
......:......# #...#
#.####..#.#..# ##### #)#
#..#.#..# #.# #..#.#..#
#.# #.......#


You could see a gnoll bouda and an adder.

Vanquished Creatures
  A water moccasin (D:5)
  An ice beast (D:5)
  2 ogres
  2 hounds
  Crazy Yiuf (D:5)
  An orc priest (D:6)
  Jessica (D:3)
  Ijyb (D:3)
  An orc wizard (D:6)
  A sleepcap (D:6)
  Natasha (thrice) (D:3)
  2 iguanas (D:5)
  7 gnolls
  4 adders
  A white imp (D:5)
  An ufetubus (D:4)
  2 worms
  2 dart slugs
  11 orcs
  8 ball pythons
  2 bats
  6 endoplasms
  5 giant cockroaches
  11 goblins
  7 hobgoblins
  10 kobolds
  2 quokkas
  3 frilled lizards (D:1)
  6 rats
105 creatures vanquished.

Vanquished Creatures (others)
  An orc priest (D:6)
  A plant (D:5)
2 creatures vanquished.

Grand Total: 107 creatures vanquished

Notes
Turn   | Place    | Note
-------+----------+-------------------------------------------
     0 | D:1      | gruber the Hill Orc Fighter began the quest for the Orb.
     0 | D:1      | Reached XP level 1. HP: 19/19 MP: 1/1
    32 | D:1      | Reached skill level 3 in Axes
    70 | D:1      | Reached XP level 2. HP: 26/26 MP: 2/2
   122 | D:1      | Reached skill level 4 in Axes
   955 | D:2      | Reached XP level 3. HP: 31/31 MP: 3/3
  1141 | D:2      | Identified the +5 hand axe of Pride {pain, Str+6 Int+4
                  | Dex+2}
  1197 | D:2      | Reached skill level 5 in Axes
  1623 | D:3      | Noticed Natasha
  1629 | D:3      | Killed Natasha
  1630 | D:3      | Reached XP level 4. HP: 36/39 MP: 4/4
  1697 | D:3      | Reached skill level 6 in Axes
  1700 | D:3      | Noticed Natasha
  1707 | D:3      | Killed Natasha
  1803 | D:3      | Found a basalt altar of Yredelemnul.
  1904 | D:3      | Found a white marble altar of Elyvilon.
  1929 | D:3      | Reached XP level 5. HP: 45/45 MP: 5/5
  1939 | D:3      | Noticed Ijyb
  1949 | D:3      | Killed Ijyb
  1950 | D:3      | Reached skill level 7 in Axes
  1952 | D:3      | Noticed Natasha
  1964 | D:3      | Killed Natasha
  1970 | D:3      | Found a blossoming altar of Fedhas.
  2167 | D:3      | Noticed Jessica
  2175 | D:3      | Killed Jessica
  2429 | D:4      | Reached skill level 8 in Axes
  2429 | D:4      | Reached XP level 6. HP: 40/51 MP: 6/6
  2909 | D:4      | Found a radiant altar of Vehumet.
  3264 | D:5      | Entered Level 5 of the Dungeon
  3355 | D:5      | Found a broken altar of Ashenzari.
  3445 | D:5      | Identified the +4 hammer "Yczoyhoy" {flame, Drain rElec
                  | rF++ Will+}
  3581 | D:5      | Found a runed translucent door.
  3582 | D:5      | Noticed Crazy Yiuf
  3622 | D:5      | Noticed a water moccasin
  3631 | D:5      | Killed a water moccasin
  3632 | D:5      | Reached skill level 5 in Shields
  3632 | D:5      | Reached XP level 7. HP: 57/57 MP: 7/7
  4074 | D:5      | Reached skill level 5 in Armour
  4136 | D:5      | Became a worshipper of Beogh the Brigand
  4310 | D:5      | Killed Crazy Yiuf
  4504 | D:6      | Found an ancient bone altar of Kikubaaqudgha.
  4574 | D:6      | Found a shimmering altar of Xom.
  4591 | D:6      | Reached XP level 8. HP: 64/64 MP: 8/8
  4637 | D:6      | Noticed a troll
  4644 | D:6      | HP: 1/64 [gnoll bouda/+0 club (10)]
  4647 | D:5      | Slain by a gnoll bouda

Illustrated notes

Levels and vault maps discovered:
D:1:      tarquinn_simple_flora_water_c, layout_basic
D:2:      layout_loops_cross, serial_forest, infiniplex_forest_straight_4,
          infiniplex_forest_straight_1, infiniplex_forest_straight_5,
          infiniplex_forest_straight_4, infiniplex_forest_clump_curved,
          infiniplex_forest_straight_3, infiniplex_forest_end_double,
          infiniplex_forest_lined_2
D:3:      layout_basic, marbit_many_paths, mainiacjoe_overflow_catwalk,
          elyvilon_altar_4, dreamdust_princess_bridge, grunt_ministairs_12,
          minmay_box_of_dots, uniq_jessica, uniq_ijyb, uniq_natasha
D:4:      minmay_door_path, layout_loops_cross, amcnicky_altar_gilded
D:5:      layout_loops_cross, mainiacjoe_overflow_cross_hatched,
          eino_tiny_chamber, serial_bayou_pond_e, minmay_misc_feat_four_crosses,
          uniq_crazy_yiuf_cottage
D:6:      cheibrodos_fzero, layout_rooms, nicolae_overflow_hidden_temple,
          xom_butterflies, minmay_temple_entry_statues_pillars,
          grunt_ministairs_7, minivault_11, nicolae_shop_vocational

Skill      XL: |  1  2  3  4  5  6  7 |
---------------+----------------------+-----
Axes           | 3 4 5 6 8 |  8.1
Shields        | 5 |  5.5
Armour         | 6 |  6.7
Fighting       | |  3.6

Action                     |  1- 3 |  4- 6 |  7- 9 || total
---------------------------+-------+-------+-------++-------
  Melee: War axe           |    83 |       |       ||    83
         Hand axe          |    22 |   155 |    76 ||   253
 Invoke: Convert to Beogh  |       |       |     1 ||     1
    Use: Potion            |       |       |     1 ||     1
 Armour: Scale mail        |    52 |    57 |    32 ||   141
  Dodge: Dodged            |    52 |    58 |    21 ||   131
  Block: Buckler           |    20 |    27 |     9 ||    56

Table legend: (Time is in decaauts)
 A = Elapsed time spent in this place.
 B = Non-inter-level travel time spent in this place.
 C = Inter-level travel time spent in this place.
 D = Time resting spent in this place.
 E = Time spent auto-exploring this place.
 F = Levels seen in this place.
 G = Mean time per level.
                   A        B        C        D        E       F      G
               +--------+--------+--------+--------+--------+-----+--------+
         Total |   4680 |   4473 |    207 |      0 |   3732 |   6 |  780.0 |
       Dungeon |   4680 |   4473 |    207 |      0 |   3732 |   6 |  780.0 |
               +--------+--------+--------+--------+--------+-----+--------+

Top non-repeatable levels by time:
     D:5: 1235 daAuts
     D:2: 881 daAuts
     D:3: 876 daAuts
     D:4: 777 daAuts
     D:1: 770 daAuts
     D:6: 140 daAuts
